Map: Dusty Gorge

Players

sardorbek

  • Race: Terran Terran
  • Spawn Location: 5:00

COSmicRay

  • Race: Protoss Protoss
  • Spawn Location: 3:00

ILIEKEGGPIE - Winner!

  • Race: Protoss Protoss
  • Spawn Location: 9:00

BizMac - Winner!

  • Race: Zerg Zerg
  • Spawn Location: 11:00

VOD

Have the link to the VOD?

Description

Time

  • Played on: March 6, 2018, 7:37 p.m.
  • Length: 9:14
Show
View Real Time Build Order
Export as new Build Order

sardorbek Terran 

Build Orders: Reaper Expand 

Get SALT Encoding   

  12  0:05  SCV  
  13  0:22  Supply Depot  
  13  0:26  SCV  
  14  0:38  SCV  
  15  0:43  Refinery  
  15  0:50  Supply Depot, SCV  
  15  0:54  Refinery  
  16  1:02  SCV  
  17  1:11  Barracks  
  17  1:14  SCV  
  18  1:26  SCV  
  19  2:01  Reaper  
  20  2:06  Barracks  
  20  2:10  SCV  
  21  2:22  SCV  
  22  2:24  Engineering Bay  
  22  2:34  SCV  
  23  2:44  Barracks Reactor  
  23  2:46  SCV  
  24  3:02  SCV  
  24  3:05  Barracks Tech Lab  
  25  3:14  Supply Depot  
  25  3:31  Ghost Academy  
  25  3:33  Marauder  
  25  3:34  Reaper x2  
  29  3:37  Supply Depot  
  29  3:45  SCV  
  26  3:57  SCV  
  17  4:24  Marine  
  17  4:28  Marine  
  17  4:29  Marine  
  15  4:42  Marine  
  16  4:46  Marine x2  
  16  4:47  SCV  
  12  5:00  Planetary Fortress, Marine  
  12  5:04  Marine x2  
  10  5:10  Factory  
  11  5:22  Marine x2  
  14  5:40  Marine x2  
  14  5:52  SCV  
  15  6:04  SCV  
  16  6:16  SCV  
  17  6:28  SCV  
  18  6:40  SCV  
  19  6:52  SCV  
  18  7:05  SCV  
  19  7:17  SCV  
  20  7:29  SCV  
  17  7:41  SCV  
  18  7:53  SCV  
  19  8:05  SCV  
  20  8:17  SCV  
  21  8:29  SCV  
  13  8:36  Factory Tech Lab  
  12  8:41  SCV  
  12  8:42  Ghost  
  15  8:53  SCV  
  16  8:55  Command Center  
Show
View Real Time Build Order
Export as new Build Order

COSmicRay Protoss 

Build Orders:  

Get SALT Encoding   

  12  0:23  Probe (Chrono Boost)  
  13  0:33  Probe (Chrono Boost)  
  14  0:38  Probe (Chrono Boost)  
  14  0:41  Pylon  
  15  0:45  Assimilator  
  15  0:56  Pylon  
  15  0:59  Probe (Chrono Boost)  
  16  1:10  Probe (Chrono Boost)  
  17  1:15  Probe (Chrono Boost)  
  18  1:18  Assimilator  
  18  1:27  Gateway  
  18  1:29  Forge  
  18  1:32  Probe  
  19  1:44  Probe  
  20  1:56  Probe  
  21  2:08  Probe  
  22  2:16  Cybernetics Core  
  22  2:20  Probe  
  23  2:26  Zealot  
  25  2:54  Warp Gate (Chrono Boost)  
  25  2:58  Photon Cannon  
  25  3:02  Pylon  
  25  3:13  Pylon  
  25  3:19  Gateway  
  25  3:21  Shield Battery  
  25  3:24  Pylon  
  27  3:27  Sentry  
  27  3:29  Protoss Ground Weapons Level 1  
  27  3:43  Pylon  
  27  3:55  Stalker  
  29  3:57  Nexus  
  29  4:08  Zealot  
  31  4:26  Stalker  
  31  4:50  Stalker  
  33  5:27  Probe (Chrono Boost)  
  34  5:35  Sentry  
  36  5:37  Probe (Chrono Boost)  
  36  5:41  Probe (Chrono Boost)  
  36  5:42  Probe (Chrono Boost)  
  38  5:44  Photon Cannon  
  39  5:50  Protoss Ground Armor Level 1  
  39  5:53  Probe  
  40  5:57  Twilight Council  
  40  6:03  Pylon  
  40  6:06  Probe  
  40  6:10  Gateway  
  41  6:14  Stalker  
  41  6:15  Stalker  
  45  6:26  Photon Cannon  
  45  6:28  Probe (Chrono Boost)  
  46  6:38  Zealot, Probe (Chrono Boost)  
  46  6:39  Zealot  
  51  6:43  Probe (Chrono Boost)  
  52  6:54  Probe  
  53  7:07  Probe  
  54  7:19  Probe  
  54  7:22  Probe  
  56  7:27  Shield Battery  
  56  7:31  Probe  
  56  7:33  Shield Battery  
  57  7:40  Zealot x2  
  57  7:41  Zealot, Assimilator  
  57  7:43  Probe (Chrono Boost)  
  64  7:53  Assimilator  
  64  7:55  Probe (Chrono Boost)  
  65  7:58  Pylon  
  65  8:01  Probe (Chrono Boost)  
  65  8:02  Pylon  
  65  8:05  Pylon  
  50  8:21  Stalker  
  50  8:22  Stalker  
Show
View Real Time Build Order
Export as new Build Order

ILIEKEGGPIE Protoss - Winner!

Build Orders: Oracle Opening 

Get SALT Encoding   

  12  0:01  Probe  
  13  0:13  Probe  
  14  0:19  Pylon  
  14  0:25  Probe  
  15  0:37  Probe  
  16  0:42  Gateway  
  16  0:49  Probe  
  17  0:52  Assimilator  
  17  1:02  Probe (Chrono Boost)  
  18  1:11  Pylon, Probe (Chrono Boost)  
  19  1:16  Probe (Chrono Boost)  
  20  1:21  Assimilator  
  20  1:28  Probe  
  21  1:40  Cybernetics Core, Probe  
  22  1:52  Probe  
  23  2:04  Probe  
  24  2:08  Zealot  
  26  2:16  Probe  
  26  2:19  Stargate  
  26  2:22  Warp Gate (Chrono Boost)  
  27  2:28  Probe  
  28  2:50  Nexus  
  28  2:53  Pylon  
  28  2:58  Probe  
  28  2:59  Stalker  
  31  3:11  Oracle, Probe  
  35  3:20  Pylon  
  35  3:22  Gateway  
  35  3:29  Stalker  
  37  3:44  Gateway  
  37  4:02  Probe (Chrono Boost)  
  39  4:08  Probe (Chrono Boost)  
  39  4:12  Probe (Chrono Boost)  
  39  4:14  Pylon  
  39  4:16  Probe (Chrono Boost)  
  41  4:26  Probe  
  42  4:34  Probe  
  45  4:38  Probe  
  46  4:54  Probe (Chrono Boost)  
  48  5:00  Stalker x2, Probe (Chrono Boost)  
  48  5:04  Probe (Chrono Boost)  
  52  5:08  Assimilator, Probe (Chrono Boost)  
  52  5:09  Probe (Chrono Boost)  
  52  5:11  Assimilator  
  52  5:13  Gateway  
  53  5:18  Probe  
  53  5:19  Gateway  
  53  5:20  Probe  
  55  5:23  Gateway  
  55  5:30  Probe  
  55  5:31  Twilight Council  
  56  5:40  Stalker x3  
  62  5:46  Pylon  
  62  6:05  Pylon  
  62  6:08  Probe x2  
  62  6:10  Blink (Chrono Boost)  
  62  6:20  Oracle, Probe  
  66  6:29  Stalker, Assimilator  
  66  6:30  Stalker x2  
  72  6:35  Assimilator  
  72  6:37  Nexus  
  72  6:41  Pylon  
  72  6:45  Pylon  
  72  6:47  Pylon  
  66  7:10  Probe x2  
  66  7:13  Stalker x3  
  66  7:14  Stalker x3  
  76  7:22  Probe  
  77  7:28  Probe  
  75  7:44  Forge  
  75  7:45  Forge  
  75  7:55  Nexus  
  75  7:56  Stalker  
  75  7:57  Stalker x4, Sentry  
  87  8:52  Probe x2  
  87  8:53  Probe  
Show
View Real Time Build Order
Export as new Build Order

BizMac Zerg - Winner!

Build Orders: Pool First 

Get SALT Encoding   

  12  0:01  Drone  
  13  0:08  Drone  
  14  0:17  Overlord  
  14  0:36  Drone x3  
  17  0:46  Extractor  
  17  0:49  Spawning Pool  
  15  0:58  Drone x2  
  17  1:23  Hatchery  
  17  1:25  Drone  
  17  1:32  Drone  
  18  1:41  Queen  
  20  1:50  Drone  
  20  1:51  Drone  
  22  1:58  Metabolic Boost  
  22  2:10  Overlord  
  22  2:36  Zergling x2  
  24  2:37  Zergling x4  
  24  2:41  Drone  
  24  2:42  Queen  
  28  2:46  Overlord  
  28  2:56  Drone  
  28  2:57  Drone x3  
  32  3:18  Extractor  
  32  3:19  Drone x3  
  34  3:21  Overlord  
  34  3:24  Lair  
  34  3:27  Evolution Chamber  
  33  3:41  Drone  
  33  3:42  Drone x2  
  35  3:58  Zergling x10  
  40  4:11  Drone x3, Extractor  
  40  4:13  Drone, Extractor  
  40  4:14  Drone x2  
  42  4:28  Drone  
  43  4:35  Drone  
  43  4:36  Hydralisk Den  
  43  4:39  Drone x3  
  45  5:10  Drone  
  46  5:14  Drone  
  46  5:15  Drone x2  
  49  5:27  Hatchery  
  48  5:29  Drone  
  49  5:36  Grooved Spines  
  49  5:45  Overlord x2  
  49  5:48  Zerg Missile Weapons Level 1  
  49  5:59  Zergling x4  
  51  6:08  Drone  
  51  6:09  Drone x2  
  51  6:11  Spore Crawler  
  53  6:15  Spore Crawler  
  53  6:17  Overseer  
  52  6:19  Drone  
  52  6:20  Hydralisk  
  52  6:21  Hydralisk x6  
  52  6:23  Overlord x3  
  64  6:47  Muscular Augments  
  64  6:51  Hydralisk x7  
  64  6:52  Hydralisk x5  
  85  6:59  Evolution Chamber  
  85  7:00  Queen  
  86  7:10  Drone  
  86  7:12  Drone  
  86  7:13  Drone x3  
  91  7:17  Overlord  
  91  7:25  Drone  
  91  7:26  Drone  
  93  7:47  Drone x2  
  93  7:48  Drone  
  93  7:50  Extractor x2  
  94  7:51  Hydralisk  
  94  7:52  Hydralisk x5  
  94  7:54  Overlord x2  
  90  8:40  Hydralisk  
  90  8:41  Hydralisk x11  
Tags
 
Add a new tag
Caveats
  • Supply blocks, unpowered buildings, or Contaminate may cause inaccurate times.
  • Supply counts are checked every 10 seconds.